Map: Ruins of Seras

Players

SeSt - Winner!

  • Race: Protoss Protoss
  • League: Silver

KONON

  • Race: Zerg Zerg
  • League: Gold

VOD

Have the link to the VOD?

Description

Time

  • Played on: Sept. 27, 2015, 11:27 a.m.
  • Length: 7:18
Show
View Real Time Build Order
Export as new Build Order

SeSt Protoss - Winner!

Build Orders: 1 Gate Expand 

Get SALT Encoding   

  12  0:00  Probe (Chrono Boost)  
  13  0:10  Probe (Chrono Boost)  
  14  0:19  Pylon  
  14  0:22  Probe (Chrono Boost)  
  15  0:37  Probe (Chrono Boost)  
  16  0:43  Gateway  
  16  0:47  Probe (Chrono Boost)  
  17  0:52  Assimilator  
  17  0:57  Probe (Chrono Boost)  
  18  1:07  Probe (Chrono Boost)  
  19  1:25  Nexus  
  19  1:27  Probe (Chrono Boost)  
  20  1:37  Cybernetics Core  
  20  1:42  Probe (Chrono Boost)  
  21  1:52  Probe (Chrono Boost)  
  22  2:02  Probe (Chrono Boost)  
  22  2:03  Pylon  
  23  2:10  Warp Gate (Chrono Boost)  
  23  2:16  Assimilator  
  23  2:28  Pylon  
  22  2:33  Mothership Core  
  24  2:37  Adept (Chrono Boost)  
  26  2:44  Probe  
  27  2:54  Probe x2  
  29  3:04  Probe  
  29  3:05  Adept  
  31  3:06  Probe  
  31  3:09  Pylon  
  33  3:14  Probe  
  33  3:19  Probe  
  35  3:24  Robotics Facility  
  35  3:25  Probe  
  35  3:31  Probe  
  35  3:33  Adept  
  39  3:35  Probe  
  40  3:43  Probe  
  40  3:44  Gateway  
  40  3:45  Probe  
  40  3:47  Gateway  
  42  3:55  Probe x2  
  44  4:05  Probe  
  44  4:07  Probe  
  44  4:09  Gateway  
  46  4:12  Warp Prism  
  46  4:15  Adept  
  50  4:18  Probe  
  50  4:20  Probe  
  52  4:30  Probe  
  50  4:32  Probe (Chrono Boost)  
  50  4:36  Adept  
  54  4:42  Probe (Chrono Boost)  
  54  4:44  Probe (Chrono Boost)  
  56  4:46  Gateway  
  56  4:48  Gateway  
  56  4:51  Pylon  
  56  4:52  Probe (Chrono Boost)  
  57  4:54  Pylon  
  57  4:57  Probe (Chrono Boost)  
  57  4:59  Adept x2  
  62  5:03  Pylon  
  62  5:05  Assimilator  
  62  5:06  Assimilator  
  62  5:09  Probe (Chrono Boost)  
  62  5:11  Pylon  
  63  5:16  Forge  
  63  5:22  Observer  
  63  5:26  Probe x2 (Chrono Boost)  
  66  5:39  Adept x2  
  70  5:43  Immortal  
  74  5:50  Robotics Bay  
  74  5:57  Adept x4  
  82  6:15  Adept x2  
  86  6:29  Adept x4  
  94  6:37  Pylon  
  94  6:40  Probe, Pylon  
  94  6:42  Probe  
  94  7:07  Adept x2  
  94  7:08  Adept x4  
Show
View Real Time Build Order
Export as new Build Order

KONON Zerg 

Build Orders: Hatch First 

Get SALT Encoding   

  12  0:01  Drone  
  13  0:12  Overlord  
  13  0:18  Drone  
  14  0:31  Drone  
  14  0:32  Drone  
  14  0:35  Drone  
  17  0:55  Hatchery  
  17  0:56  Drone  
  17  0:59  Drone  
  17  1:03  Extractor  
  17  1:16  Spawning Pool  
  16  1:19  Drone  
  16  1:22  Drone  
  18  1:29  Drone  
  19  1:48  Drone  
  20  2:00  Hatchery  
  19  2:03  Zergling x4  
  19  2:05  Metabolic Boost  
  21  2:10  Drone  
  22  2:20  Drone  
  23  2:27  Drone  
  24  2:31  Drone, Queen, Extractor  
  26  2:43  Drone  
  27  2:46  Drone  
  27  2:48  Overlord  
  28  3:12  Drone x6  
  34  3:17  Lair, Drone  
  34  3:29  Zergling x6  
  34  3:32  Queen  
  39  3:41  Evolution Chamber  
  39  3:45  Evolution Chamber, Drone  
  38  3:48  Drone x2  
  38  3:50  Drone  
  41  3:58  Overlord x2  
  41  4:09  Zerg Ground Armor Level 1  
  41  4:12  Zerg Melee Weapons Level 1  
  41  4:16  Drone x2  
  43  4:29  Drone x3, Zergling x2  
  43  4:30  Drone x5  
  48  4:35  Spine Crawler  
  47  4:46  Infestation Pit  
  47  4:49  Zergling x12  
  47  4:50  Drone  
  47  4:52  Drone  
  54  5:06  Drone, Extractor  
  54  5:08  Extractor  
  53  5:16  Pneumatized Carapace  
  53  5:18  Drone x2  
  53  5:19  Drone  
  56  5:24  Hive  
  56  5:31  Drone x2  
  56  5:32  Hydralisk Den  
  56  5:34  Drone  
  56  5:35  Overlord  
  57  5:50  Overlord x2  
  57  5:51  Overlord x2  
  57  5:56  Spore Crawler  
  50  6:06  Spore Crawler  
  46  6:14  Zergling x16  
  46  6:15  Zergling x4  
  46  6:17  Drone  
  52  6:20  Hydralisk x5  
  52  6:21  Hydralisk  
  54  6:31  Zergling x4  
  51  6:39  Zergling x2  
  46  6:41  Zergling x6  
  46  6:42  Zergling x4  
  46  6:51  Zergling x4  
  46  6:52  Zergling x2  
  34  7:01  Drone x4  
Tags
 
Add a new tag
Caveats
  • Supply blocks, unpowered buildings, or Contaminate may cause inaccurate times.
  • Supply counts are checked every 10 seconds.